 Dungeon Crawl Stone Soup version 0.25.1-2-g60ff931df9 (webtiles) character file.

Game seed: 4618705478919770456

28 HawFromDerth the Ruffian (level 3, -2/28 HPs)
             Began as a Draconian Transmuter on Sept 26, 2020.
             Slain by a hobgoblin
             ... wielding a +0 club
              (4 damage)
             ... on level 3 of the Dungeon.
             The game lasted 00:03:45 (1467 turns).

HawFromDerth the Ruffian (Draconian Transmuter)     Turns: 1467, Time: 00:03:47

Health: -2/28      AC:  5    Str: 12    XL:     3   Next: 0%
Magic:  3/6        EV: 12    Int: 14    God:
Gold:   89         SH:  0    Dex: 11    Spells: 1/6 levels left

rFire    . . .     SeeInvis .     - Unarmed
rCold    . . .     Gourm    .   (no shield)
rNeg     . . .     Faith    .   (armour unavailable)
rPois    .         Spirit   .   (helmet restricted)
rElec    .         Reflect  .   (no cloak)
rCorr    .         Harm     .   (no gloves)
MR       .....                  (no boots)
Stlth    +.........             (no amulet)
HPRegen  0.09/turn              (no ring)
MPRegen  0.10/turn              (no ring)

@: lethally poisoned (-2 -> -19), appendage
A: unfitting armour, horns 2, cold-blooded, AC +5
a: End Transformation


You were on level 3 of the Dungeon.
You were full.
You had grown temporary horns.
You visited 1 branch of the dungeon, and saw 3 of its levels.

You collected 89 gold pieces.

Inventory:

Hand Weapons
 h - a cursed +0 short sword
Missiles
 a - 12 arrows
Scrolls
 f - a scroll of remove curse
 g - a scroll of fog {unknown}
Potions
 b - 2 potions of berserk rage {unknown}
 d - a potion of might
 e - 2 potions of curing
Comestibles
 c - a ration
 i - a chunk of flesh


   Skills:
 + Level 1.1 Fighting
 + Level 2.0 Dodging
 + Level 3.7 Unarmed Combat
 + Level 2.2 Spellcasting
 + Level 2.2 Transmutations


You had one spell level left.
You knew the following spells:

 Your Spells              Type           Power        Failure   Level  Hunger
a - Beastly Appendage     Tmut           #.....       10%         1    #......
b - Spider Form           Tmut/Pois      #.........   41%         3    ###....
c - Summon Small Mammal   Summ           #...         24%         1    #......

Your spell library contained the following spells:

 Spells                   Type           Power        Failure   Level  Hunger
 Sticks to Snakes         Tmut           #.......     14%         2    ###....
 Call Imp                 Summ           #.......     34%         2    ###....
 Call Canine Familiar     Summ           #.......     56%         3    ###....
 Summon Guardian Golem    Hex/Summ       #.......     56%         3    ###....
 Ice Form                 Ice/Tmut       #.......     83%         4    #####..
 Summon Ice Beast         Ice/Summ       #.......     93%         4    #####..
 Summon Lightning Spire   Summ/Air       #.......     93%         4    #####..
 Blade Hands              Tmut           #.........   95%         5    ######.


Dungeon Overview and Level Annotations

Branches:
Dungeon (2/15)

Altars:


Innate Abilities, Weirdness & Mutations

Your plain brown scales are hard. (AC +5)
You cannot fit into any form of body armour.
You are cold-blooded and may be slowed by cold attacks.
You have a pair of horns on your head.


Message History

The worker ant bites your bat!
Your bat dies!
Your bat's corpse disappears in a puff of smoke!
Your bat completely misses the worker ant.
Your horns disappear.
Your bat hits the worker ant but does no damage.
Your bat closely misses the worker ant.
The worker ant closely misses your bat.
Your bat barely misses the worker ant.
Casting: Summon Small Mammal (safe; 24% risk of failure)
Confirm with . or Enter, or press ? or * to list all spells.
You grow a pair of large bovine horns.
* * * LOW HITPOINT WARNING * * *
You feel sick.
Your bat barely misses the worker ant.
You completely miss the hobgoblin.
Your bat barely misses the worker ant.
Your bat hits the worker ant but does no damage.
The worker ant bites you.
* * * LOW HITPOINT WARNING * * *
You are more poisoned.
The worker ant poisons you! The hobgoblin hits you with a +0 club.
You die...

.##....((...)........#...#....
#..###.(##(#........####.#.####
#.......##.#....###.####.#.....
.....##.###.#...(...........####
#.##. #....(#.###.##.####.#....#
#. # #######.# #.##.# #.#.##.# #
.#... #.# #.##.# #.#.##.#
......##.###.##.# #.#.##.#
........ba@..#..# #.#.....
......##.##g.#<## #....... .....
#$# ..#. ######.# .### #.# ..#
#.# #.# ..# #.# #.# ... #.# #.#
.##. #.# #.# .# . ..


You could see a worker ant, a hobgoblin and a friendly bat (summoned).

Vanquished Creatures
  A dart slug (D:1)
  3 bats
  6 giant cockroaches
  2 goblins
  3 hobgoblins
  2 frilled lizards (D:1)
  3 kobolds
  3 rats
23 creatures vanquished.

Notes
Turn   | Place    | Note
-------+----------+-------------------------------------------
     0 | D:1      | HawFromDerth the Draconian Transmuter began the quest for
                  | the Orb.
     0 | D:1      | Reached XP level 1. HP: 16/16 MP: 3/3
   482 | D:1      | Reached XP level 2. HP: 23/23 MP: 3/5
  1216 | D:2      | You fall into a shaft and drop 1 floor!
  1368 | D:3      | Reached XP level 3. HP: 23/28 MP: 6/6
  1430 | D:3      | Learned a level 3 spell: Spider Form
  1432 | D:3      | Learned a level 1 spell: Summon Small Mammal
  1467 | D:3      | Slain by a hobgoblin

Illustrated notes

Levels and vault maps discovered:
D:1:      evilmike_arrival_crescent, layout_loops_cross,
          chequers_serial_rivers_marsh
D:2:      layout_loops_ring
D:3:      layout_loops_ring, okawaru_altar_gauntlet_db, tgw_trog

Skill      XL: |  1  2 |
---------------+-------+-----
Dodging        | 2 |  2.0
Fighting       | |  1.1
Unarmed Combat | |  3.7
Spellcasting   | |  2.2
Transmutations | |  2.2

Action                   || total
-------------------------++-------
Melee: Unarmed           ||    89
       Tailslap          ||     7
       Headbutt          ||     5
       Kick              ||     3
 Cast: Beastly Appendage ||    17
       Summon Small Mamm ||     3
  Use: Scroll            ||     4
       Potion            ||     1
  Eat: Chunk             ||     1
       Ration            ||     2
Armor: Skin              ||    30
Dodge: Dodged            ||    81
